 Dungeon Crawl Stone Soup version 0.27-a0-1065-ge809cff456 (webtiles) character file.

Game seed: 1244333665456641593

245 funkygono the Firebug (level 5, -13/39 HPs)
             Began as a Draconian Fire Elementalist on Apr 24, 2021.
             Mangled by a large abomination (30 damage)
             ... on level 2 of the Abyss.
             The game lasted 00:07:37 (4015 turns).

funkygono the Firebug (Draconian Fire Elementalist) Turns: 4015, Time: 00:07:38

Health: -13/39     AC:  8    Str: 10    XL:     5   Next: 84%
Magic:  10/10      EV: 12    Int: 16    God:
Gold:   128        SH:  0    Dex: 12    Spells: 3/11 levels left

rFire    . . .     SeeInvis .   d - +2 whip (vamp)
rCold    . . .     Faith    .   (no shield)
rNeg     . . .     Spirit   .   (armour unavailable)
rPois    .         Reflect  .   (helmet restricted)
rElec    .         Harm     .   (no cloak)
rCorr    .         Rampage  .   (no gloves)
Will     .....                  j - +2 pair of boots
Stlth    ++........             (no amulet)
HPRegen  0.13/turn              (no ring)
MPRegen  0.12/turn              (no ring)

@: no status effects
A: AC +5, unfitting armour, cold-blooded
a: no special abilities


You were on level 2 of the Abyss.
You visited 1 branch of the dungeon, and saw 4 of its levels.
You visited the Abyss 1 time.

You collected 128 gold pieces.

Inventory:

Hand Weapons
 d - a +2 vampiric whip (weapon)
Missiles
 f - 112 stones
Armour
 j - a +2 pair of boots (worn)
Scrolls
 i - 2 scrolls of teleportation
 k - 3 scrolls of identify
 l - a scroll of immolation {unknown}
Potions
 a - a potion of brilliance
 b - 3 potions of attraction
 e - a potion of heal wounds {unknown}
 g - a potion of mutation {unknown}
 h - a potion of lignification {unknown}


   Skills:
 + Level 0.3 Fighting
 + Level 0.3 Maces & Flails
 + Level 1.9 Dodging
 - Level 1.7 Stealth
 * Level 3.8 Spellcasting
 * Level 2.8 Conjurations
 * Level 4.5 Fire Magic


You had 3 spell levels left.
You knew the following spells:

 Your Spells              Type           Power      Damage    Failure   Level
a - Foxfire               Conj/Fire      56%        2x1d6     3%          1
b - Conjure Flame         Conj/Fire      14%        6-21      12%         3
c - Sticky Flame          Conj/Fire      14%        2d4       36%         4

Your spell library contained the following spells:

 Spells                   Type           Power      Damage    Failure   Level
 Animate Skeleton         Necr           6%         N/A       17%         1
 Corona                   Hex            3%         N/A       17%         1
 Pain                     Necr           12%        1d4       17%         1
 Inner Flame              Hex/Fire       10%        N/A       21%         3
 Ensorcelled Hibernation  Hex/Ice        6%         N/A       26%         2
 Dazzling Flash           Conj/Hex       14%        N/A       28%         3
 Confusing Touch          Hex            3%         N/A       45%         3
 Tukima's Dance           Hex            3%         N/A       45%         3
 Vampiric Draining        Necr           1%         2d6       45%         3
 Fireball                 Conj/Fire      7%         3d5       71%         5
 Animate Dead             Necr           1%         N/A       86%         4
 Agony                    Necr           3%         N/A       99%         5


Dungeon Overview and Level Annotations

Branches:
Dungeon (4/15)
 Temple: D:4-7

Altars:
Sif Muna
Yredelemnul

Annotations:
D:4 Edmund


Innate Abilities, Weirdness & Mutations

Your plain brown scales are hard. (AC +5)
You cannot fit into any form of body armour.
You are cold-blooded and may be slowed by cold attacks.


Message History

Edmund is lightly wounded.
The foxfire hits Edmund but does no damage.
Edmund is lightly wounded.
The foxfire hits Edmund.
Edmund is lightly wounded.
The foxfire hits Edmund.
Edmund is lightly wounded.
Casting: Foxfire (safe; 3% risk of failure)
Confirm with . or Enter, or press ? or * to list all spells.
You conjure some foxfire!
Edmund hits you with a +0 flail of distortion!
You are cast into the Abyss!
To return, you must find a gate leading back.
Killing monsters will force the Abyss to allow you passage.
This branch contains the abyssal rune of Zot.
Found a potion of curing.
Casting: Foxfire (safe; 3% risk of failure)
Confirm with . or Enter, or press ? or * to list all spells.
Okay, then.
You are suddenly pulled into a different region of the Abyss!
Found a gateway leading deeper into the Abyss.
Found 3 scrolls of identify.
There is a gateway leading deeper into the Abyss here.
Magic restored.
HP restored.
k - 3 scrolls of identify
l - a scroll labelled JEIT POGRAYRGH A large abomination comes into view.
Found a short sword.
You see here 11 stones.
The dread lich shouts!
The large abomination hits you!!
Ouch! That really hurt!
* * * LOW HITPOINT WARNING * * *
The large abomination misses you.
The dread lich mumbles some strange words.
The dread lich casts a spell.
You feel better. The large abomination hits you!!
Ouch! That really hurt!
You die...

# # . . # . #
# # ## # .#.#
.# . . ...
..### ## . .
.. ##
.##.#..##. ...
. # .#
#.###1#.##.#
.. ## ....
.#.##L.(## . .
# ..#.##.#.#
.# # # #
##...#.#X.#.#
. ..
#...#.#.@#.# #
#...#.....#.#
#.....#.#...##
# ....#.#...##
##.#.##.).#..#
## ###..##...
#... ... ..##.
#. ..# . #


You could see a Hell Sentinel (summoned), a dread lich and a large abomination.

Vanquished Creatures
  A black bear (D:4)
  An orc priest (D:4)
  An orc wizard (D:4)
  3 adders (D:2)
  2 worms
  A dart slug (D:1)
  4 orcs
  6 ball pythons
  7 bats
  5 endoplasms
  4 giant cockroaches
  5 goblins
  8 hobgoblins
  A jackal (D:2)
  6 kobolds
  3 quokkas (D:2)
  3 frilled lizards
  4 rats
65 creatures vanquished.

Vanquished Creatures (collateral kills)
  A foxfire (D:3)
1 creature vanquished.

Vanquished Creatures (others)
  192 foxfires
  6 withered plants (D:3)
198 creatures vanquished.

Grand Total: 264 creatures vanquished

Notes
Turn   | Place    | Note
-------+----------+-------------------------------------------
     0 | D:1      | funkygono the Draconian Fire Elementalist began the quest
                  | for the Orb.
     0 | D:1      | Reached XP level 1. HP: 14/14 MP: 3/3
   313 | D:1      | Reached XP level 2. HP: 16/20 MP: 0/5
   965 | D:2      | Reached XP level 3. HP: 24/26 MP: 0/7
  1668 | D:2      | Reached XP level 4. HP: 33/33 MP: 5/8
  1908 | D:2      | Reached skill level 4 in Fire Magic
  1976 | D:2      | Learned a level 3 spell: Conjure Flame
  1981 | D:2      | Learned a level 4 spell: Sticky Flame
  2037 | D:3      | Found a basalt altar of Yredelemnul.
  2574 | D:3      | Found a faded altar of an unknown god.
  3740 | D:4      | Found a shimmering blue altar of Sif Muna.
  3753 | D:4      | Noticed a black bear
  3771 | D:4      | Killed a black bear
  3772 | D:4      | Reached XP level 5. HP: 31/38 MP: 3/10
  3897 | D:4      | Noticed Edmund
  3902 | D:4      | Cast into level 2 of the Abyss (Edmund)
  4001 | Abyss:2  | Noticed a large abomination
  4009 | Abyss:2  | Noticed a dread lich
  4014 | Abyss:2  | Noticed a reaper
  4015 | Abyss:2  | Noticed a Hell Sentinel
  4015 | Abyss:2  | Mangled by a large abomination

Illustrated notes

Levels and vault maps discovered:
D:1:      dpeg_arrival_rooms_a, layout_basic
D:2:      layout_basic, minmay_puff
D:3:      layout_loops_ring, amcnicky_altar_gilded,
          ebering_ecumenical_altar_petrified
D:4:      layout_loops_ring, kennysheep_mini, uniq_grinder, uniq_edmund
Abyss:2:  base: D:4, evilmike_abyss_exit_plants,
          eino_small_chamber_without_monster, hangedman_shadowy_showcase

Skill      XL: |  1  2  3  4 |
---------------+-------------+-----
Spellcasting   | 3 |  3.8
Fire Magic     | 4 |  4.5
Conjurations   | 2 |  2.8
Fighting       | |  0.3
Maces & Flails | |  0.3
Dodging        | |  1.9
Stealth        | |  1.7

Action                   |  1- 3 |  4- 6 || total
-------------------------+-------+-------++-------
Melee: Whip              |    28 |    18 ||    46
       Tailslap          |     1 |     1 ||     2
 Cast: Foxfire           |    61 |    67 ||   128
       Conjure Flame     |       |     1 ||     1
  Use: Scroll            |     2 |     4 ||     6
       Potion            |       |     1 ||     1
Armor: Skin              |     9 |    13 ||    22
Dodge: Dodged            |    36 |    18 ||    54

Table legend: (Time is in decaauts)
 A = Elapsed time spent in this place.
 B = Non-inter-level travel time spent in this place.
 C = Inter-level travel time spent in this place.
 D = Time resting spent in this place.
 E = Time spent auto-exploring this place.
 F = Levels seen in this place.
 G = Mean time per level.
                   A        B        C        D        E       F      G
               +--------+--------+--------+--------+--------+-----+--------+
         Total |   4021 |   3688 |    333 |    426 |   2584 |   5 |  804.2 |
       Dungeon |   3908 |   3575 |    333 |    426 |   2496 |   4 |  977.0 |
         Abyss |    112 |    112 |      0 |      0 |     88 |   1 |  112.0 |
               +--------+--------+--------+--------+--------+-----+--------+

Top non-repeatable levels by time:
     D:2: 1382 daAuts
     D:3: 1187 daAuts
     D:1: 904 daAuts
     D:4: 434 daAuts
 Abyss:2: 112 daAuts
